 Dungeon Sprint DCSS version 0.29-a0-925-g0a7a3d12f8 (webtiles) character file.

Game seed: 17213701380735054122

2092 Hipnos the Carver (level 9, 0/78 HPs)
             Began as a Gnoll Chaos Knight on July 29, 2022.
             Was a Plaything of Xom.
             Slain by a golden dragon (20 damage)
             ... in the Dungeon (Sprint II: "The Violet Keep of Menkaure").
             The game lasted 00:09:34 (2483 turns).

Hipnos the Carver (Gnoll Chaos Knight)              Turns: 2483, Time: 00:09:34

Health: 0/78       AC:  6    Str: 11    XL:     9   Next: 27%
Magic:  3/20       EV: 14    Int: 17    God:    Xom [..*...]
Gold:   293        SH:  7    Dex: 11    Spells: 16/23 levels left

rFire   + . .      SeeInvis .   a - +0 falchion (chaos)
rCold   + . .      Faith    .   h - +2 buckler
rNeg    . . .      Spirit   .   b - +2 leather armour
rPois   .          Reflect  .   (no helmet)
rElec   .          Harm     .   e - scarf {rC+ rF+}
rCorr   .          Rampage  .   (no gloves)
Will    .....      NoTele   +   (no boots)
Stlth   ++........              (no amulet)
HPRegen 0.23/turn               (no ring)
MPRegen 0.17/turn               (no ring)

@: radiating poison, very slow
A: fangs 1, strong nose, distributed training, claws 1, deterioration 1, wild
magic 1
a: Renounce Religion


You were in the Dungeon.
You worshipped Xom.
You were a toy of Xom.
You visited 1 branch You collected 981 gold pieces.
You spent 688 gold pieces at shops.

Inventory:

Hand Weapons
 a - a +0 falchion of chaos (weapon)
 j - a +1 dagger of chaos
Armour
 b - a +2 leather armour (worn)
 e - a scarf of resistance (worn)
 h - a +2 buckler (worn)
Potions
 d - a potion of curing
 f - a potion of haste
 g - 2 potions of magic
Miscellaneous
 c - a piece from Xom's chessboard (15/15) (quivered)


   Skills:
 + Level 10.2 Fighting
 + Level 7.7 Short Blades
 + Level 10.2 Long Blades
 + Level 7.7 Axes
 + Level 7.7 Maces & Flails
 + Level 7.7 Polearms
 + Level 7.7 Staves
 + Level 7.7 Ranged Weapons
 + Level 7.7 Throwing
 + Level 9.1 Armour
 + Level 8.2 Dodging
 + Level 7.7 Stealth
 + Level 7.7 Shields
 + Level 7.7 Unarmed Combat
 + Level 7.7 Spellcasting
 + Level 6.4 Conjurations
 + Level 6.4 Hexes
 + Level 6.4 Summonings
 + Level 6.4 Necromancy
 + Level 6.4 Translocations
 + Level 6.4 Transmutations
 + Level 6.4 Fire Magic
 + Level 6.4 Ice Magic
 + Level 6.4 Air Magic
 + Level 6.4 Earth Magic
 + Level 6.4 Poison Magic
 + Level 8.5 Invocations
 + Level 7.7 Evocations


You had 16 spell levels left.
You knew the following spells:

 Your Spells              Type           Power      Damage    Failure   Level
a - Sting                 Tmut/Pois      100%       1d8       2%          1
b - Poisonous Vapours     Pois/Air       74%        N/A       3%          2
c - Olgreb's Toxic Radia  Pois           37%        N/A       17%         4

Your spell library contained the following spells:

 Spells                   Type           Power      Damage    Failure   Level
 Sublimation of Blood     Necr           37%        N/A       3%          2
 Wereblood                Tmut           37%        N/A       3%          2
 Summon Hydra             Summ           18%        N/A       100%        7


Dungeon Overview and Level Annotations

Branches:
Dungeon (1/1)

Altars:
Nemelex Xobeh
Okawaru

Shops:
D =:[(!=:([:*![(?

Annotations:
D exclusions: oklob plant and orange crystal statue, Roxanne


Innate Abilities, Weirdness & Mutations

You have very sharp teeth.
Your uncanny sense of smell can sniff out nearby items.
Your experience applies equally to all skills.
You have sharp fingernails.
Your body sometimes deteriorates upon taking damage.
Your spells are a little harder to cast, but a little more powerful.


Message History

The elephant misses you.
Your toxic aura wanes.
You block the elephant's attack. The elephant misses you.
Casting: Olgreb's Toxic Radiance (dangerous; 17% risk of failure)
Confirm with . or Enter, or press ? or * to list all spells.
Okay, then.
Press: ? - help, v - describe, . - travel
Here: a golden dragon Some shallow water.
Casting: Olgreb's Toxic Radiance (dangerous; 17% risk of failure)
Confirm with . or Enter, or press ? or * to list all spells.
Okay, then.
Casting: Olgreb's Toxic Radiance (dangerous; 17% risk of failure)
Confirm with . or Enter, or press ? or * to list all spells.
You begin to radiate toxic energy.
The elephant looks as sick as possible!
The golden dragon bites you. The golden dragon claws you.
The golden dragon tramples you!
You hold your ground!
The elephant barely misses you. The elephant trunk-slaps you.
Your toxic aura wanes.
You block the golden dragon's attack.
The golden dragon claws you but does no damage.
The golden dragon tramples you.
You hold your ground!
You block the elephant's attack. x2
Casting: Olgreb's Toxic Radiance (dangerous; 17% risk of failure)
Confirm with . or Enter, or press ? or * to list all spells.
You begin to radiate toxic energy.
The elephant looks as sick as possible!
You block the golden dragon's attack.
The golden dragon claws you but does no damage.
The golden dragon tramples you!
* * * LOW HITPOINT WARNING * * *
You hold your ground!
The elephant tramples you.
* * * LOW HITPOINT WARNING * * *
You hold your ground!
The elephant trunk-slaps you but does no damage.
Casting: Olgreb's Toxic Radiance (dangerous; 17% risk of failure)
Confirm with . or Enter, or press ? or * to list all spells.
Your toxic radiance grows in intensity.
The yaktaur captain is poisoned.
The yaktaur captain looks even sicker.
The golden dragon bites you!!
You die...
Xom cackles wildly!

.+ ##≈≈≈≈°≈≈## ∆
∆.###≈≈≈○≈°○≈°## ∆
####..'§§≈≈°§○≈§≈≈#
##...####§≈≈○§§○≈≈#
#$2DDD....$≈##°°○☼○§≈#
############≈≈#''☼#'''##
###########≈≈≈°°○.°....#
##.∩.∩....#D≈≈≈.##'##..#∆
##..∩.∩...#@≈≈≈##..###.####∆
##...∩.∩..#Y≈≈≈#..##.#....#
##....∩.⌠.#≈≈####.#.####..##
##...∩.∩..#≈##.###'###.##[.#
##..∩.∩...#≈#..###.##.#.#..#
##...∩....c≈'##.'.<.'###'..#
##∩.∩.....#≈#..###.##.#.#...
#▓▓▓▓▓▓▓###≈##.###'###.##...
##[SY######≈≈####.######≈≈..


You could see a golden dragon, a yaktaur captain (very poisoned) and an elephant
(extremely poisoned).

Vanquished Creatures
  A smoke demon (D)
  A kobold demonologist (D)
  2 wyverns (D)
  2 neqoxecs (D)
  4 scorpions (D)
  4 lava snakes (D)
  A hell rat (D)
  2 worms (D)
17 creatures vanquished.

Vanquished Creatures (others)
  Kirke (D)
  A neqoxec (D)
  Menkaure (D)
  A water moccasin (D)
  A worm (D)
5 creatures vanquished.

Grand Total: 22 creatures vanquished

Notes
Turn   | Place    | Note
-------+----------+-------------------------------------------
     0 | D        | Hipnos the Gnoll Chaos Knight began the quest for the Orb.
     0 | D        | Reached XP level 1. HP: 23/23 MP: 1/1
     1 | D        | Noticed a scorpion
     1 | D        | Noticed a scorpion
     4 | D        | Killed a scorpion
     5 | D        | Reached skill level 5 in Armour
     5 | D        | Reached XP level 2. HP: 31/31 MP: 1/5
     5 | D        | Reached XP level 3. HP: 36/36 MP: 1/6
     5 | D        | Reached XP level 4. HP: 43/43 MP: 1/7
    12 | D        | Killed a scorpion
    13 | D        | Reached XP level 5. HP: 30/48 MP: 1/9
   587 | D        | XOM: noise
   591 | D        | XOM: smoke on damage
   597 | D        | Reached skill level 5 in Dodging
   597 | D        | Reached XP level 6. HP: 41/56 MP: 10/12
   624 | D        | XOM: silly message
   677 | D        | Noticed a neqoxec
   678 | D        | Gained mutation: You occasionally lose the ability to read
                  | scrolls when taking damage. [a neqoxec]
   683 | D        | Gained mutation: You are clumsy. (Dex -2) [a neqoxec]
   684 | D        | Noticed a smoke demon
   684 | D        | a neqoxec changed into a smoke demon
   684 | D        | XOM: polymorph neqoxec -> smoke demon
   690 | D        | Killed a smoke demon
   690 | D        | Noticed a neqoxec
   691 | D        | Reached skill level 5 in Short Blades
   691 | D        | Reached skill level 5 in Axes
   691 | D        | Reached skill level 5 in Maces & Flails
   691 | D        | Reached skill level 5 in Polearms
   691 | D        | Reached skill level 5 in Staves
   691 | D        | Reached skill level 5 in Ranged Weapons
   691 | D        | Reached skill level 5 in Throwing
   691 | D        | Reached skill level 5 in Stealth
   691 | D        | Reached skill level 5 in Shields
   691 | D        | Reached skill level 5 in Unarmed Combat
   691 | D        | Reached skill level 5 in Spellcasting
   691 | D        | Reached skill level 5 in Evocations
   691 | D        | Reached XP level 7. HP: 21/63 MP: 12/15
   691 | D        | XOM: summons 2 friendly demons
   696 | D        | Killed a neqoxec
   702 | D        | Noticed a neqoxec
   708 | D        | HP: 2/63 [neqoxec (3)]
   716 | D        | XOM: give mutation
   716 | D        | Gained mutation: You have sharp fingernails. [Xom's grace]
   718 | D        | Killed a neqoxec
   719 | D        | Reached skill level 5 in Conjurations
   719 | D        | Reached skill level 5 in Hexes
   719 | D        | Reached skill level 5 in Summonings
   719 | D        | Reached skill level 5 in Necromancy
   719 | D        | Reached skill level 5 in Translocations
   719 | D        | Reached skill level 5 in Transmutations
   719 | D        | Reached skill level 5 in Fire Magic
   719 | D        | Reached skill level 5 in Ice Magic
   719 | D        | Reached skill level 5 in Air Magic
   719 | D        | Reached skill level 5 in Earth Magic
   719 | D        | Reached skill level 5 in Poison Magic
   850 | D        | Killed a neqoxec
   926 | D        | Killed Menkaure
   962 | D        | Identified Roxanne's Tractate on Metamorphosis
   962 | D        | Noticed Roxanne
   984 | D        | Noticed a wyvern
   984 | D        | Noticed a wyvern
  1004 | D        | XOM: swap monsters
  1011 | D        | Killed a wyvern
  1012 | D        | Reached XP level 8. HP: 25/71 MP: 17/17
  1013 | D        | Killed a wyvern
  1422 | D        | Found Fikust's Armour Emporium.
  1422 | D        | Found Poomor's Magic Scroll Emporium.
  1422 | D        | Found Qiruloec's Distillery.
  1422 | D        | Found Rogexkish's Weapon Shoppe.
  1422 | D        | Found Xeor's General Store.
  1423 | D        | Found Boirphuce's Book Emporium.
  1423 | D        | Found Zarumn's Antique Armour Shoppe.
  1423 | D        | Found Efoizugo's Weapon Emporium.
  1423 | D        | Found Utioluz's Book Shoppe.
  1424 | D        | Found Tofokop's Jewellery Emporium.
  1424 | D        | Found Zantuh's Distillery.
  1424 | D        | Found Vaaxzial's Antique Weapon Shoppe.
  1425 | D        | Found Vuczipsu's Antique Armour Emporium.
  1425 | D        | Noticed a death yak
  1425 | D        | Noticed an oklob plant
  1426 | D        | Found Oggick's Jewellery Shoppe.
  1426 | D        | Found Rueck's Book Shoppe.
  1432 | D        | Bought a Young Poisoner's Handbook for 280 gold pieces
  1434 | D        | Learned a level 1 spell: Sting
  1437 | D        | Learned a level 2 spell: Poisonous Vapours
  1442 | D        | Learned a level 4 spell: Olgreb's Toxic Radiance
  1444 | D        | Bought a runed scarf for 192 gold pieces
  1444 | D        | Bought a glowing buckler for 180 gold pieces
  1539 | D        | Bought a potion of flight for 36 gold pieces
  1559 | D        | Noticed an orange crystal statue
  1562 | D        | Found an iron altar of Okawaru.
  1562 | D        | Found a sparkling altar of Nemelex Xobeh.
  1736 | D        | XOM: silly message
  1839 | D        | Noticed Kirke
  1839 | D        | Noticed a yaktaur captain
  1839 | D        | Noticed a kobold demonologist
  1851 | D        | Noticed a smoke demon
  1855 | D        | XOM: enchant monster (bad)
  1858 | D        | XOM: chaos upgrade
  1863 | D        | Killed a kobold demonologist
  1917 | D        | Noticed a centaur warrior
  1952 | D        | XOM: give mutations
  1952 | D        | Lost mutation: You occasionally lose the ability to read
                  | scrolls when taking damage. [Xom's mischief]
  1952 | D        | Gained mutation: Your body sometimes deteriorates upon
                  | taking damage. [Xom's mischief]
  2149 | D        | XOM: give mutations
  2149 | D        | Gained mutation: Your spells are a little harder to cast,
                  | but a little more powerful. [Xom's mischief]
  2149 | D        | Lost mutation: You are clumsy. (Dex -2) [Xom's mischief]
  2272 | D        | Noticed an elephant
  2277 | D        | Noticed a sphinx
  2277 | D        | Noticed a manticore
  2281 | D        | Killed Kirke
  2282 | D        | Reached skill level 10 in Fighting
  2282 | D        | Reached skill level 10 in Long Blades
  2282 | D        | Reached XP level 9. HP: 20/78 MP: 14/20
  2473 | D        | Noticed a cacodemon
  2473 | D        | Noticed a storm dragon
  2473 | D        | Noticed a golden dragon
  2473 | D        | Noticed a bone dragon
  2483 | D        | Slain by a golden dragon

Illustrated notes

Levels and vault maps discovered:
D:        the_violet_keep_of_menkaure [sprint2_stairs_cluster_1,
          sprint2_shoproom, sprint2_temple, sprint2_basic_supplies,
          sprint2_obstacle_6, sprint2_obstacle_4, sprint2_obstacle_5,
          sprint2_obstacle_1, sprint2_obstacle_3, sprint2_timed_cluster_1,
          sprint2_smallroom_cluster_1, sprint2_smallroom_final_cluster_1,
          sprint2_transparent_cluster_1, sprint2_second_timed_cluster_1,
          sprint2_sniper_area_1, sprint2_heavy_combat_area_1,
          sprint2_mutation_trap_area_1, sprint2_forest_area_1,
          sprint2_light_combat_area_1, sprint2_behind_water_1,
          sprint2_near_end_vault_1]

Skill      XL: |  1  2  3  4  5  6  7  8 |
---------------+-------------------------+-----
Fighting       | 7 8 9 10 | 10.2
Short Blades   | 2 3 4 5 6 7 |  7.7
Long Blades    | 7 8 9 10 | 10.2
Axes           | 2 3 4 5 6 7 |  7.7
Maces & Flails | 2 3 4 5 6 7 |  7.7
Polearms       | 2 3 4 5 6 7 |  7.7
Staves         | 2 3 4 5 6 7 |  7.7
Ranged Weapons | 2 3 4 5 6 7 |  7.7
Throwing       | 2 3 4 5 6 7 |  7.7
Armour         | 5 6 7 8 9 |  9.1
Dodging        | 3 4 5 6 7 8 |  8.2
Stealth        | 2 3 4 5 6 7 |  7.7
Shields        | 2 3 4 5 6 7 |  7.7
Unarmed Combat | 2 3 4 5 6 7 |  7.7
Spellcasting   | 2 3 4 5 6 7 |  7.7
Conjurations   | 2 3 4 5 6 |  6.4
Hexes          | 2 3 4 5 6 |  6.4
Summonings     | 2 3 4 5 6 |  6.4
Necromancy     | 2 3 4 5 6 |  6.4
Translocations | 2 3 4 5 6 |  6.4
Transmutations | 2 3 4 5 6 |  6.4
Fire Magic     | 2 3 4 5 6 |  6.4
Ice Magic      | 2 3 4 5 6 |  6.4
Air Magic      | 2 3 4 5 6 |  6.4
Earth Magic    | 2 3 4 5 6 |  6.4
Poison Magic   | 2 3 4 5 6 |  6.4
Invocations    | 2 3 4 6 7 8 |  8.5
Evocations     | 2 3 4 5 6 7 |  7.7

Action                   |  1- 3 |  4- 6 |  7- 9 || total
-------------------------+-------+-------+-------++-------
Melee: Falchion          |     2 |    33 |    49 ||    84
       Bite              |       |     5 |     7 ||    12
       Punch             |       |     2 |     2 ||     4
       Unarmed           |       |       |    11 ||    11
 Cast: Poisonous Vapours |       |       |    20 ||    20
       Sting             |       |       |     8 ||     8
       Olgreb's Toxic Ra |       |       |     4 ||     4
Evoke: Piece from Xom's  |       |       |     5 ||     5
  Use: Potion            |       |     1 |     2 ||     3
       Scroll            |       |       |     1 ||     1
 Stab: Sleeping          |       |     2 |     1 ||     3
       Distracted        |       |       |     1 ||     1
       Confused          |       |       |     1 ||     1
Armor: Leather armour    |       |     4 |    11 ||    15
Dodge: Dodged            |     2 |    19 |    24 ||    45
Block: Buckler           |       |       |     8 ||     8

Table legend: (Time is in decaauts)
 A = Elapsed time spent in this place.
 B = Non-inter-level travel time spent in this place.
 C = Inter-level travel time spent in this place.
 D = Time resting spent in this place.
 E = Time spent auto-exploring this place.
 F = Levels seen in this place.
 G = Mean time per level.
                   A        B        C        D        E       F      G
               +--------+--------+--------+--------+--------+-----+--------+
         Total |   2508 |   2508 |      0 |   2012 |      0 |   1 | 2508.0 |
       Dungeon |   2508 |   2508 |      0 |   2012 |      0 |   1 | 2508.0 |
               +--------+--------+--------+--------+--------+-----+--------+

Top non-repeatable levels by time:
       D: 2508 daAuts
